 Dungeon Crawl Stone Soup version 0.31-a0-804-geb2ac4d (webtiles) character file.

Game seed: 1201673888144973120

221 danspanner the Conjurer (level 5, 0/31 HPs)
             Began as an Octopode Conjurer on Sept 20, 2023.
             Succumbed to Ijyb's poison
             ... on level 3 of the Dungeon.
             The game lasted 00:10:24 (2134 turns).

danspanner the Conjurer (Octopode Conjurer)         Turns: 2134, Time: 00:10:25

Health: 0/31       AC:  1    Str:  6    XL:     5   Next: 98%
Magic:  10/18      EV: 13    Int: 23    God:
Gold:   121        SH:  0    Dex: 10    Spells: 7/10 levels left

rFire   + . .        b - +2 dagger (speed)
rCold   + + .        (no shield)
rNeg    . . .        (helmet restricted)
rPois   +            (no amulet)
rElec   +            d - ring of magical power
rCorr   +            m - ring of protection from cold
SInv    .            u - ring of flight
Will    .....        (no ring)
Stlth   ++++         (no ring)
HPRegen 0.25/turn    (no ring)
MPRegen 0.16/turn    (no ring)
                     (no ring)

%: no passive effects
@: lethally poisoned (0 -> -14), resistant, flying
A: almost no armour, amphibious, 8 rings, camouflage 1, gelatinous body 1,
(nimble swimmer 1), tentacles
a: no special abilities


You were on level 3 of the Dungeon.
You visited 1 branch of the dungeon, and saw 3 of its levels.

You collected 121 gold pieces.

Inventory:

Hand Weapons
 b - a +2 dagger of speed (weapon)
Jewellery
 d - a ring of magical power (left tentacle)
 m - a ring of protection from cold (right tentacle)
 u - a ring of flight (on tentacle)
Talismans
 v - a granite talisman
Wands
 f - a wand of mindburst (20)
Scrolls
 c - 3 scrolls of vulnerability
 e - a scroll of poison
 g - a scroll of immolation
 n - a scroll of fear {unknown}
 o - a scroll of identify {unknown}
 p - a scroll of enchant weapon {unknown}
 q - a scroll of amnesia {unknown}
 t - a scroll of noise {unknown}
Potions
 a - a potion of magic
 h - a potion of heal wounds {unknown}
 i - a potion of resistance
 l - a potion of enlightenment {unknown}
 r - a potion of attraction {unknown}
 s - a potion of ambrosia {unknown}


   Skills:
 + Level 3.4 Dodging
 + Level 4.8 Stealth
 + Level 3.2 Spellcasting
 + Level 4.9 Conjurations


You had 7 spell levels left.
You knew the following spells:

 Your Spells              Type           Power      Damage    Failure   Level
a - Magic Dart            Conj           100%       1d8       1%          1
b - Searing Ray           Conj           52%        2d6       2%          2

Your spell library contained the following spells:

 Spells                   Type           Power      Damage    Failure   Level
 Dazzling Flash           Conj/Hex       28%        N/A       12%         3
 Cigotuvi's Dreadful Rot  Necr/Pois/Air  6%         N/A       17%         2
 Fulminant Prism          Conj/Hex       7%         3d6       38%         4
 Iskenderun's Mystic Bla  Conj/Tloc      14%        2d5       38%         4
 Dispel Undead            Necr           3%         3d7       75%         4
 Death Channel            Necr           1%         N/A       100%        6


Dungeon Overview and Level Annotations

Branches:
Dungeon (3/15)

Altars:

Shops:
D:1 ?


Innate Abilities, Weirdness & Mutations

You cannot wear most types of armour.
You are amphibious.
You can wear up to eight rings at the same time.
Your skin changes colour to match your surroundings (Stealth+).
Your rubbery body absorbs attacks. (AC +1, EV +1)
((You are camouflaged when in or above water. (Stealth+)))
You have tentacles for arms and can constrict up to eight enemies at once.


Message History

You can move again.
Ijyb zaps a wand.
You shrug off the repeated paralysis!
Casting: Searing Ray (safe; 2% risk of failure)
Confirm with . or Enter, or press ? or * to list all spells.
Aiming: Searing Ray (safe; 2% risk of failure)
Press: ? - help, Shift-Dir - straight line, f - Ijyb
Aim: Ijyb, wielding a +3 dagger of venom, wearing a +0 ring mail and carrying a wand of paralysis (heavily wounded, 77% to hit)
The searing ray misses Ijyb. (Press . to maintain the ray.) Ijyb zaps a wand.
You shrug off the repeated paralysis!
The searing ray hits Ijyb.
Ijyb is severely wounded.
Ijyb hits you with a +3 dagger of venom.
You are poisoned.
The searing ray misses Ijyb.
You feel very sick.
Ijyb hits you with a +3 dagger of venom.
The searing ray hits Ijyb.
Ijyb is almost dead.
You finish channelling your searing ray.
You feel very sick.
Ijyb hits you with a +3 dagger of venom.
You are more poisoned.
You feel very sick.
Ijyb hits you with a +3 dagger of venom.
You are lethally poisoned!
Casting: Searing Ray (safe; 2% risk of failure)
Confirm with . or Enter, or press ? or * to list all spells.
Aiming: Magic Dart (safe; 1% risk of failure)
Press: ? - help, Shift-Dir - straight line, f/p - Ijyb
Aim: Ijyb, wielding a +3 dagger of venom, wearing a +0 ring mail and carrying a wand of paralysis (almost dead, 100% to hit)
The magic dart hits Ijyb.
You kill Ijyb!
* * * LOW HITPOINT WARNING * * *
You feel very sick.
* * * LOW HITPOINT WARNING * * *
You feel very sick.
It was a potion of resistance.
You feel protected.
You die...

#.##....# ...#....#........
#.......##...###...........
#......<.....###....[......
.............#...##........
...............#.##........
.#.............#.##........
...............#)##........
...............#.##........
...............#@#######...
####...........#.# ###
######....>.....)#
........######.###
#######......#.# ####.....#
..#.#.########
#.#.#........#
#.#.########.#


There were no monsters in sight!

Vanquished Creatures
  An ogre (D:3)
  Ijyb (D:3)
  Natasha (D:3)
  2 adders (D:2)
  2 dart slugs (D:1)
  An orc (D:2)
  2 bats (D:1)
  4 endoplasms
  5 giant cockroaches (D:1)
  6 goblins
  8 hobgoblins
  7 jackals
  5 kobolds
  2 quokkas (D:1)
  3 ball pythons
  A frilled lizard (D:1)
  6 rats
57 creatures vanquished.

Notes
Turn   | Place    | Note
-------+----------+-------------------------------------------
     0 | D:1      | danspanner the Octopode Conjurer began the quest for the
                  | Orb.
     0 | D:1      | Reached XP level 1. HP: 11/11 MP: 3/3
    93 | D:1      | Reached XP level 2. HP: 9/17 MP: 0/5
   144 | D:1      | Learned a level 2 spell: Searing Ray
   301 | D:1      | Reached XP level 3. HP: 7/21 MP: 3/6
   366 | D:1      | Upgraded the game from 0.31-a0-803-g95b03c3 to
                  | 0.31-a0-804-geb2ac4d
   406 | D:1      | Found Dafagh's Magic Scroll Shop.
  1444 | D:2      | Reached XP level 4. HP: 27/27 MP: 7/7
  1809 | D:3      | Noticed Natasha
  1813 | D:3      | Killed Natasha
  2006 | D:3      | Noticed an ogre
  2012 | D:3      | Killed an ogre
  2013 | D:3      | Reached XP level 5. HP: 31/31 MP: 9/9
  2106 | D:3      | Noticed Ijyb
  2108 | D:3      | Paralysed by Ijyb for 5 turns
  2124 | D:3      | Paralysed by Ijyb for 2 turns
  2132 | D:3      | Killed Ijyb
  2134 | D:3      | Succumbed to Ijyb's poison

Illustrated notes

Levels and vault maps discovered:
D:1:      dpeg_arrival_round_b, layout_basic, serial_shops, shop
D:2:      layout_basic
D:3:      layout_basic, minmay_starry_boxes, uniq_natasha, uniq_ijyb

Skill      XL: |  1  2  3  4 |
---------------+-------------+-----
Stealth        | 3 4 |  4.8
Dodging        | 3 |  3.4
Spellcasting   | 3 |  3.2
Conjurations   | |  4.9

Action                     |  1- 3 |  4- 6 || total
---------------------------+-------+-------++-------
  Melee: Dagger            |    69 |    17 ||    86
         Constrict         |    17 |     3 ||    20
         Tentacles         |    13 |     4 ||    17
         Punch             |       |     1 ||     1
   Cast: Magic Dart        |    23 |     5 ||    28
         Searing Ray       |     4 |     3 ||     7
    Use: Scroll            |       |     6 ||     6
         Potion            |       |     1 ||     1
   Stab: Sleeping          |     5 |     5 ||    10
 Armour: Skin              |    21 |     9 ||    30
  Dodge: Dodged            |    43 |     7 ||    50

Table legend: (Time is in decaauts)
 A = Elapsed time spent in this place.
 B = Non-inter-level travel time spent in this place.
 C = Inter-level travel time spent in this place.
 D = Time resting spent in this place.
 E = Time spent auto-exploring this place.
 F = Levels seen in this place.
 G = Mean time per level.
                   A        B        C        D        E       F      G
               +--------+--------+--------+--------+--------+-----+--------+
         Total |   2113 |   2073 |     40 |     82 |   1626 |   3 |  704.3 |
       Dungeon |   2113 |   2073 |     40 |     82 |   1626 |   3 |  704.3 |
               +--------+--------+--------+--------+--------+-----+--------+

Top non-repeatable levels by time:
     D:1: 1021 daAuts
     D:2: 771 daAuts
     D:3: 321 daAuts
